 Dungeon Crawl Stone Soup version 0.16.2-2-g470672f (webtiles) character file.

468 CrazyArbalest the Bolt Thrower (level 6, -2/50 HPs)
             Began as a Centaur Hunter on Aug 22, 2015.
             Killed from afar by Edmund (6 damage)
             ... with a wand of flame
             ... on level 4 of the Dungeon.
             The game lasted 00:21:33 (6188 turns).

CrazyArbalest the Bolt Thrower (Centaur Hunter)     Turns: 6188, Time: 00:21:33

Health: -2/50      AC:  7    Str: 14    XL:     6   Next: 81%
Magic:  5/5        EV:  9    Int: 10    God:
Gold:   208        SH:  0    Dex: 12    Spells: 0 memorised, 5 levels left

rFire  . . .     SeeInvis .     a - +0 flail
rCold  . . .     Clarity  .     u - +0 ring mail (curse)
rNeg   + . .     SustAb   .     (no shield)
rPois  .         Gourm    .     (no helmet)
rElec  .         Spirit   .     i - +0 cloak
rCorr  .         Warding  +     (no gloves)
rMut   .         Stasis   .     (no barding)
MR     .....                    P - amulet of warding
Stlth  ..........               F - ring of invisibility
                                g - ring of loudness (curse)

@: very quick, not resistant to hostile enchantments, extremely unstealthy
A: hooves 3, deformed body, speed 2, tough skin 3
a: Evoke Invisibility


You were on level 4 of the Dungeon.
You were not hungry.

You visited 1 branch of the dungeon, and saw 4 of its levels.

You collected 208 gold pieces.

Inventory:

Hand weapons
 a - a +0 flail (weapon)
 b - a +1 hand crossbow
 w - a +0 whip
 y - a +0 whip
 E - a +0 whip
 K - a +0 flail
 L - a +0 flail
Armour
 d - a +0 leather armour
 i - a +0 cloak (worn)
 u - a cursed +0 ring mail (worn)
 B - a +0 ring mail
 C - a +2 buckler
 I - a +0 scale mail
 M - a +3 leather armour
Jewellery
 g - a cursed ring of loudness (left hand)
 F - a ring of invisibility (right hand)
 P - an amulet of warding (around neck)
Scrolls
 e - 7 scrolls of identify {unknown}
 l - a scroll of teleportation {unknown}
 o - 2 scrolls of enchant weapon {unknown}
 s - a scroll of fear {unknown}
 t - 3 scrolls of remove curse {unknown}
 v - a scroll of noise {unknown}
 x - 2 scrolls of fog {unknown}
 G - a scroll of blinking {unknown}
 J - a scroll of random uselessness {unknown}
Potions
 c - a potion of magic {unknown}
 j - a potion of agility {unknown}
 m - a potion of flight {unknown}
 n - 2 potions of haste {unknown}
 p - a potion of brilliance {unknown}
 q - a potion of degeneration {unknown}
 r - a potion of ambrosia {unknown}
 z - a potion of berserk rage {unknown}
 D - a potion of lignification {unknown}
 N - a potion of heal wounds {unknown}
 O - a potion of curing {unknown}
Comestibles
 f - 2 bread rations
 h - 3 fruits
 k - a beef jerky
 A - a slice of pizza
 H - a meat ration
 Q - 6 chunks of flesh


   Skills:
 + Level 2.5 Fighting
 + Level 1.1 Maces & Flails
 * Level 6.8 Crossbows
 + Level 2.1 Armour
 + Level 2.7 Dodging
 + Level 1.1 Stealth


You had 5 spell levels left.
You didn't know any spells.

Dungeon Overview and Level Annotations

Branches:
Dungeon (4/15)
 Temple: D:4-7

Altars:
Ashenzari
Makhleb
Nemelex Xobeh
Sif Muna
Trog
Yredelemnul
The Shining One

Annotations:
D:4 CrazyArbalest's ghost, average CeHu; Edmund


Innate Abilities, Weirdness & Mutations

You have hooves in place of feet.
Armour fits poorly on your strangely shaped body.
You cover ground very quickly.
You have extremely tough skin (AC +3).


Message History

Edmund is moderately wounded.
Edmund zaps a wand.
The puff of flame hits you! Edmund barely misses you.
You hit Edmund but do no damage. Your kick misses Edmund.
Edmund is moderately wounded.
Edmund zaps a wand.
The puff of flame hits you!
You thump Edmund! You kick Edmund.
Edmund is heavily wounded.
Edmund zaps a wand.
The puff of flame hits you!
You closely miss Edmund. Your kick misses Edmund.
Edmund is heavily wounded.
Edmund hits you but does no damage.
You hit Edmund but do no damage.
Edmund is heavily wounded.
Edmund barely misses you.
Edmund zaps a wand.
The puff of flame hits you!
* * * LOW HITPOINT WARNING * * *
Edmund zaps a wand.
The puff of flame hits you!
* * * LOW HITPOINT WARNING * * *
Edmund zaps a wand.
The puff of flame hits you!
You die...

########### ## #.........# #...
###....@....## #.....
#..._........###.......
..########..@......##..#........
..................####..........
...#####.....8....##.............
##.........#..............
##....)((..(((@..........
#..._...............[..
###...#.....##.........


You could see Edmund.

Vanquished Creatures
  An ogre (D:4)
  A water moccasin skeleton (D:4)
  2 orc priests
  5 orc wizards (D:4)
  Ijyb (D:2)
  A giant mite (D:3)
  4 worms (D:2)
  2 giant geckos
  8 orcs
  6 bats
  2 giant cockroaches
  8 goblins
  9 hobgoblins
  14 kobolds
  A quokka (D:3)
  2 ball pythons
  A ball python skeleton (D:4)
  6 giant newts
  7 rats
81 creatures vanquished.

Notes
Turn   | Place    | Note
--------------------------------------------------------------
     0 | D:1      | CrazyArbalest, the Centaur Hunter, began the quest for the Orb.
     0 | D:1      | Reached XP level 1. HP: 17/17 MP: 1/1
   363 | D:1      | Reached XP level 2. HP: 22/24 MP: 2/2
   821 | D:1      | Reached skill level 5 in Crossbows
  1317 | D:2      | Reached XP level 3. HP: 29/29 MP: 3/3
  2048 | D:2      | Found a shattered altar of Ashenzari.
  2475 | D:2      | Noticed Ijyb
  2504 | D:2      | Killed Ijyb
  2504 | D:2      | Reached XP level 4. HP: 21/36 MP: 3/3
  3124 | D:3      | Reached skill level 1 in Armour
  3470 | D:3      | Found a basalt altar of Yredelemnul.
  3676 | D:3      | Found a glowing golden altar of the Shining One.
  3676 | D:3      | Found a bloodstained altar of Trog.
  3682 | D:3      | Found a burning altar of Makhleb.
  4181 | D:3      | Reached skill level 1 in Maces & Flails
  4181 | D:3      | Reached XP level 5. HP: 29/41 MP: 4/4
  4609 | D:4      | Reached skill level 6 in Crossbows
  4633 | D:4      | Noticed Edmund
  4759 | D:4      | Found a deep blue altar of Sif Muna.
  4784 | D:4      | Reached XP level 6. HP: 38/50 MP: 5/5
  5208 | D:4      | Found a sparkling altar of Nemelex Xobeh.
  5667 | D:4      | Reached skill level 1 in Stealth
  5922 | D:4      | Noticed CrazyArbalest's ghost (average CeHu)
  6061 | D:4      | Noticed an ogre
  6085 | D:4      | Killed an ogre
  6188 | D:4      | Killed from afar by Edmund

Action                   |  1- 3 |  4- 6 || total
-------------------------+-------+-------++-------
Melee: Club              |   103 |       ||   103
       Short sword       |    10 |       ||    10
       Whip              |    79 |   175 ||   254
       Flail             |       |    19 ||    19
 Fire: Hand crossbow     |    31 |    39 ||    70
  Eat: Chunk             |     4 |    10 ||    14
